AoeStats
← Schuppa

Arabia

506212157Analyzed
2v2 RM · 19d ago on Sep 12, 2026· 14m 50s· 4 players
Game mode
Random Map
Map size
Medium (4 player)
Population
200
Speed
Normal
Resources
Standard
Victory
Conquest
Starting age
Dark Age
Ending age
Imperial Age
RankedLock teamsTeams togetherTeam positionsShared explorationLock speedFull tech treeHidden civsTurbo modeCheats
Victory
Defeat
🇮🇳 Romans · India
1113
+16
🇧🇷 Byzantines · Brazil
1096
+17
🇩🇪 Romans · Germany
1130
-17
🇩🇪 Khmer · Germany
1106
-16
Shan6666
6:34 Loom
9:04 Feudal Age
9:14 Man-at-Arms
10:50 Scale Mail Armor
14:47 Forging
cmvaroda
7:36 Loom
9:41 Feudal Age
10:42 Double-Bit Axe
Schuppa
9:59 Feudal Age
10:20 Loom
-Hopser-
11:15 Feudal Age
12:57 Loom
16:32 Castle Age
Connection lost

Rejoining the realm…

Still unreachable

The connection could not be restored.

Session expired

The server has moved on; the page needs a fresh start.